 Dungeon Crawl Stone Soup version 0.27.1-33-g824d729ab1 (webtiles) character file.

Game seed: 1782905730000342161

3263 Holzbalken the Spear-Bearer (level 9, -13/62 HPs)
             Began as a Demonspawn Gladiator on Nov 28, 2021.
             Was an Initiate of Qazlal.
             Mangled by a boulder beetle (16 damage)
             ... on level 7 of the Dungeon.
             The game lasted 00:28:03 (5368 turns).

Holzbalken the Spear-Bearer (Demonspawn Gladiator)  Turns: 5368, Time: 00:28:03

Health: -13/62     AC: 16    Str: 18    XL:     9   Next: 68%
Magic:  13/13      EV: 11    Int: 10    God:    Qazlal [......]
Gold:   240        SH:  0    Dex: 14    Spells: 8/8 levels left

rFire    + + +     SeeInvis .   D - +8 lance "Wyrmbane" {slay drac, rPois rF+ rC+ AC+3}
rCold    + . .     Faith    .   (no shield)
rNeg     . . .     Spirit   .   n - +3 ring mail {rF+}
rPois    +         Reflect  .   c - +0 helmet
rElec    .         Harm     .   y - +0 cloak
rCorr    .         Rampage  .   t - +0 pair of gloves
Will     .....                  (no boots)
Stlth    +.........             b - amulet of regeneration
HPRegen  1.20/turn              r - ring of protection from fire
MPRegen  0.13/turn              A - +4 ring of slaying

@: no status effects
A: talons 1, molten scales 1, demonic guardian 2
a: Renounce Religion


You were on level 7 of the Dungeon.
You worshipped Qazlal.
Qazlal was noncommittal.
You visited 2 branches of the dungeon, and saw 8 of its levels.

You collected 240 gold pieces.

Inventory:

Hand Weapons
 s - a +2 hunting sling of freezing
 D - the +8 lance "Wyrmbane" (weapon) {slay drac, rPois rF+ rC+ AC+3}
   (You found it on level 6 of the Dungeon)

   It inflicts extra damage against dragons and draconians.
   AC:        It affects your AC (+3).
   rF:        It protects you from fire.
   rC:        It protects you from cold.
   rPois:     It protects you from poison.
Missiles
 e - 271 stones (quivered)
Armour
 c - a +0 helmet (worn)
 n - a +3 ring mail of fire resistance (worn)
 t - a +0 pair of gloves (worn)
 y - a +0 cloak (worn)
Jewellery
 a - a ring of ice
 b - an amulet of regeneration (around neck)
 f - an amulet of reflection
 r - a ring of protection from fire (left hand)
 v - an amulet of guardian spirit
 x - an amulet of magic regeneration
 A - a +4 ring of slaying (right hand)
Wands
 d - a wand of charming (5)
 w - a wand of flame (24)
Scrolls
 m - 3 scrolls of teleportation
Potions
 g - a potion of resistance
 i - a potion of flight
 j - a potion of brilliance
 o - a potion of heal wounds
 q - 2 potions of curing
 z - a potion of mutation {unknown}
 B - a potion of lignification {unknown}


   Skills:
 - Level 2.3 Fighting
 + Level 11.7 Polearms
 - Level 1.7 Throwing
 - Level 2.7 Dodging
 + Level 6.3 Invocations


You had 8 spell levels left.
You didn't know any spells.
Your spell library contained the following spells:

 Spells                   Type           Power      Damage    Failure   Level
 Foxfire                  Conj/Fire      0%         2x1d4     56%         1
 Passwall                 Tmut/Erth      0%         N/A       71%         2
 Conjure Flame            Conj/Fire      0%         6-21      90%         3
 Inner Flame              Hex/Fire       0%         N/A       90%         3
 Swiftness                Air            0%         N/A       90%         3
 Animate Dead             Necr           0%         N/A       100%        4
 Borgnjor's Vile Clutch   Necr/Erth      0%         N/A       100%        5
 Death Channel            Necr           0%         N/A       100%        6
 Invisibility             Hex            0%         N/A       100%        6


Dungeon Overview and Level Annotations

Branches:
Dungeon (7/15)             Temple (1/1) D:6

Altars:
Elyvilon
Fedhas
Gozag
Makhleb
Nemelex Xobeh
Okawaru
Qazlal
Sif Muna
Trog
Vehumet
Wu Jian
Xom
Beogh

Shops:
D:3 =   D:7 [

Annotations:
D:3 3 runed translucent doors, Tzialkovskiy's ghost, amateur TeAE


Innate Abilities, Weirdness & Mutations

You have sharp toenails.
You are partially covered in molten scales. (AC +2)
A demonic guardian rushes to your aid.


Message History

You puncture the kobold demonologist!
You kill the kobold demonologist!
Qazlal accepts your kill.
The orange demon disappears in a puff of smoke!
Your Invocations skill increases to level 6!
No target in view!
Things that are here:
a +0 dagger; a +0 robe The boulder beetle curls into a ball and begins rolling!
Things that are here:
a +0 dagger; a +0 robe You start waiting.
A boulder beetle is nearby!
The boulder beetle hits you!!!
Ouch! That really hurt!
* * * LOW HITPOINT WARNING * * *
A demonic guardian appears!
The boulder beetle stops rolling and uncurls.
You hit the boulder beetle.
You claw the boulder beetle, but do no damage.
The boulder beetle is lightly wounded.
You barely miss the boulder beetle.
The boulder beetle is lightly wounded.
The boulder beetle barely misses you.
You hit the boulder beetle but do no damage.
Your kick misses the boulder beetle.
The boulder beetle is lightly wounded.
You puncture the boulder beetle! You claw the boulder beetle.
The boulder beetle is lightly wounded.
The boulder beetle bites you!
* * * LOW HITPOINT WARNING * * *
Your rust devil hits the boulder beetle.
Your rust devil corrodes the boulder beetle!
You puncture the boulder beetle! You claw the boulder beetle.
The boulder beetle is moderately wounded.
You hit the boulder beetle.
You claw the boulder beetle, but do no damage.
The boulder beetle is moderately wounded.
The boulder beetle bites you!
You die...

,...##.##.#.......##.#######*,*
,...........#####.##.# *,*
,.........#.# ###'##.# *,*
*,####..)...# #.+∩'..#######*,*
*,* ###†##.# #.#+#.........,,*
*,* #.##.###.#.##.######**** *.*
#)##>......##.# *.##
#.###.#.#.###.# *..#
#.##....#@###.# *#.#
#.##..#..4B...# #.#
##.##....###...# #.#
#......###..#.## *****
#.####....###..#.#.#######**,,,,
##.##....###..#*#.#........,,,,,,
......####,.#**,#.#.#######*,,,*,
....###,,,***,,,..#.# **,**,*
..###,,***,,#**,#B#.# **,**,⌠,


You could see a boulder beetle (corroded, ally target) and a friendly rust devil
(summoned).

Vanquished Creatures
  Pikel (D:6)
  A kobold demonologist (D:7)
  3 water moccasins
  Duvessa (D:4)
  A hornet zombie (D:6)
  3 ice beasts
  A necrophage (D:7)
  A sky beast (D:7)
  3 ogres
  A centaur (D:5)
  A lemure (D:6)
  A phantom (D:6)
  A bullfrog (D:7)
  A scorpion (D:6)
  A wyvern zombie (D:7)
  Dowan (D:4)
  2 wyvern skeletons (D:6)
  A water moccasin skeleton (D:5)
  A bullfrog zombie (D:5)
  4 hounds
  A centaur zombie (D:7)
  4 orc priests
  2 centaur skeletons
  3 iguanas
  2 orc wizards (D:6)
  A howler monkey zombie (D:7)
  Robin (D:3)
  6 adders
  A shadow imp (D:6)
  A white imp (D:6)
  2 ufetubi
  An adder zombie (D:5)
  A worm (D:5)
  2 dart slugs
  9 orcs
  9 ball pythons
  7 bats
  6 endoplasms
  11 goblins
  7 hobgoblins
  6 jackals (D:2)
  5 quokkas
  6 frilled lizards
  7 kobolds
  9 rats
140 creatures vanquished.

Vanquished Creatures (collateral kills)
  A centaur (D:5)
  An iguana (D:4)
  An orc (D:6)
3 creatures vanquished.

Grand Total: 143 creatures vanquished

Notes
Turn   | Place    | Note
-------+----------+-------------------------------------------
     0 | D:1      | Holzbalken the Demonspawn Gladiator began the quest for the
                  | Orb.
     0 | D:1      | Reached XP level 1. HP: 16/16 MP: 1/1
   342 | D:1      | Reached skill level 3 in Polearms
   342 | D:1      | Gained mutation: A weak demonic guardian rushes to your
                  | aid. [demonic ancestry]
   342 | D:1      | Reached XP level 2. HP: 23/23 MP: 2/2
   953 | D:2      | Gained mutation: You have sharp toenails. [demonic
                  | ancestry]
   953 | D:2      | Reached XP level 3. HP: 28/28 MP: 3/3
  1155 | D:2      | You fall into a shaft and drop 2 floors!
  1166 | D:4      | Reached skill level 4 in Polearms
  1178 | D:4      | Reached XP level 4. HP: 12/34 MP: 4/4
  1645 | D:2      | Found a faded altar of an unknown god.
  1780 | D:3      | Reached skill level 5 in Polearms
  1870 | D:3      | Found a runed translucent gate.
  1871 | D:3      | Found a runed translucent gate.
  1872 | D:3      | Found a runed translucent gate.
  1874 | D:3      | Noticed Tzialkovskiy's ghost (amateur TeAE)
  1875 | D:3      | Identified the +7 dagger "Fyhuseorch" {flame, Str+3}
  1916 | D:3      | Noticed Robin
  1933 | D:3      | Reached XP level 5. HP: 39/39 MP: 5/5
  1942 | D:3      | Killed Robin
  2129 | D:3      | Found Xuseigy's Jewellery Boutique.
  2523 | D:4      | Noticed an ogre
  2576 | D:5      | Entered Level 5 of the Dungeon
  2576 | D:5      | Noticed an ice beast
  2582 | D:4      | Killed an ogre
  2583 | D:4      | Reached skill level 6 in Polearms
  2583 | D:4      | Gained mutation: A demonic guardian rushes to your aid.
                  | [demonic ancestry]
  2583 | D:4      | Reached XP level 6. HP: 40/45 MP: 6/6
  2601 | D:4      | Noticed Duvessa
  2601 | D:4      | Noticed Dowan
  2611 | D:4      | Killed Duvessa
  2619 | D:4      | Killed Dowan
  3220 | D:5      | Reached skill level 7 in Polearms
  3249 | D:5      | Gained mutation: You are partially covered in molten
                  | scales. (AC +2) [demonic ancestry]
  3249 | D:5      | Reached XP level 7. HP: 51/51 MP: 7/7
  3291 | D:5      | Reached skill level 8 in Polearms
  3590 | D:5      | Reached skill level 9 in Polearms
  3590 | D:5      | Reached XP level 8. HP: 57/57 MP: 8/8
  3923 | D:6      | Found a staircase to the Ecumenical Temple.
  3929 | Temple   | Entered the Ecumenical Temple
  4046 | Temple   | Became a worshipper of Qazlal Stormbringer
  4088 | D:6      | Noticed Pikel
  4112 | D:6      | Killed Pikel
  4113 | D:6      | Reached skill level 10 in Polearms
  4172 | D:6      | Identified the +4 great sword "Anuucexu" {venom, Dex+2}
  4327 | D:6      | Reached skill level 11 in Polearms
  4327 | D:6      | Reached XP level 9. HP: 38/62 MP: 9/9
  4371 | D:6      | Reached skill level 1 in Invocations
  4751 | D:6      | Found the +8 lance "Wyrmbane" {slay drac, rPois rF+ rC+
                  | AC+3}
  4864 | D:7      | Found Pyppui Nigo's Antique Armour Emporium.
  4942 | D:7      | Noticed a boulder beetle
  5060 | D:7      | Reached skill level 5 in Invocations
  5349 | D:7      | Noticed a kobold demonologist
  5354 | D:7      | Noticed an orange demon
  5355 | D:7      | Killed a kobold demonologist
  5366 | D:7      | HP: 2/62 [boulder beetle (13)]
  5368 | D:7      | Mangled by a boulder beetle

Illustrated notes

Levels and vault maps discovered:
D:1:      nzn_arrival_water_spiral, layout_basic, dk_noncrumbling_3
D:2:      layout_loops_cross, ebering_ecumenical_altar_hall
D:3:      layout_basic, serial_shops, shop_statue, biasface_ghost_orc_armoury,
          uniq_robin
D:4:      layout_basic, kennysheep_generic_room_11, uniq_duvessa
D:5:      layout_rooms, minmay_misc_feat_x
D:6:      layout_gridville, minmay_temple_entry_wispy,
          chequers_serial_rivers_small_3, serial_bayou_pond_c,
          kennysheep_diamond, supply_closet_lemuel, uniq_pikel
D:7:      minmay_the_grid_triangle_9x9_rhombus_thin
          [minmay_the_grid_triangle_9x9_longest,
          minmay_the_grid_triangle_9x9_prize_center,
          minmay_the_grid_triangle_9x9_windchime,
          minmay_the_grid_triangle_9x9_pentomino_pain], layout_loops_ring,
          serial_shops, kennysheep_mini, grunt_decor_mini_mirrors,
          minmay_between
Temple:   hc_temple_tempest_star

Skill      XL: |  1  2  3  4  5  6  7  8  9 |
---------------+----------------------------+-----
Polearms       | 3 4 5 6 7 9 11 | 11.7
Invocations    | 6 |  6.3
Fighting       | |  2.3
Throwing       | |  1.7
Dodging        | |  2.7

Action                   |  1- 3 |  4- 6 |  7- 9 || total
-------------------------+-------+-------+-------++-------
Melee: Trident           |   102 |   160 |   182 ||   444
       Kick              |     5 |    33 |    67 ||   105
       Lance             |       |       |    60 ||    60
  Use: Scroll            |       |     9 |     6 ||    15
 Stab: Sleeping          |     1 |       |       ||     1
Armor: Leather armour    |    17 |       |       ||    17
       Ring mail         |     4 |    60 |   105 ||   169
Dodge: Dodged            |    37 |    73 |   128 ||   238
Block: Other             |    17 |       |       ||    17
